 Dungeon Sprint DCSS version 0.22-a0-388-g09e6169 (webtiles) character file.

49 emperorscorpion the Magician (level 3, -1/27 HPs)
             Began as a Gnoll Wizard on Apr 29, 2018.
             Slain by a gnoll
             ... wielding a +0 spear
              (7 damage)
             ... in the Dungeon (Sprint IX: "|||||||||||||||||||||||||||||").
             The game lasted 00:00:56 (107 turns).

emperorscorpion the Magician (Gnoll Wizard)          Turns: 107, Time: 00:00:57

Health: -1/27      AC:  2    Str:  9    XL:     3   Next: 75%
Magic:  7/12       EV: 15    Int: 20    God:
Gold:   0          SH:  0    Dex: 14    Spells: 16/17 levels left

rFire    . . .     SeeInvis .   c - +0 dagger
rCold    . . .     Gourm    .   (no shield)
rNeg     . . .     Faith    .   a - +0 robe
rPois    .         Spirit   .   b - +0 hat
rElec    .         Reflect  .   (no cloak)
rCorr    .         Harm     .   (no gloves)
MR       .....     NoTele   +   (no boots)
Stlth    +++.......             (no amulet)
HPRegen  0.09/turn              (no ring)
MPRegen  0.13/turn              (no ring)

@: lethally poisoned (-1 -> -7), berserk cooldown, slowed, very slow
A: distributed training, fangs 1, strong nose
a: no special abilities


You were in the Dungeon.
You were not hungry.

You visited 1 branch

Inventory:

Hand Weapons
 c - a +0 dagger (weapon)
Armour
 a - a +0 robe (worn)
 b - a +0 hat (worn)
Scrolls
 j - a scroll of blinking
Potions
 g - a potion of haste
 h - 2 potions of magic
Comestibles
 d - a ration


   Skills:
 + Level 2.1 Fighting
 + Level 2.1 Short Blades
 + Level 2.1 Long Blades
 + Level 2.1 Axes
 + Level 2.1 Maces & Flails
 + Level 2.1 Polearms
 + Level 2.1 Staves
 + Level 2.1 Slings
 + Level 2.1 Bows
 + Level 2.1 Crossbows
 + Level 2.1 Throwing
 + Level 2.1 Armour
 + Level 5.1 Dodging
 + Level 4.7 Stealth
 + Level 2.1 Shields
 + Level 2.1 Unarmed Combat
 + Level 7.5 Spellcasting
 + Level 2.7 Conjurations
 + Level 1.7 Hexes
 + Level 1.7 Charms
 + Level 2.7 Summonings
 + Level 1.7 Necromancy
 + Level 2.7 Translocations
 + Level 1.7 Transmutations
 + Level 1.7 Fire Magic
 + Level 1.7 Ice Magic
 + Level 1.7 Air Magic
 + Level 1.7 Earth Magic
 + Level 1.7 Poison Magic
 + Level 2.4 Invocations
 + Level 2.1 Evocations


You had 16 spell levels left.
You knew the following spells:

 Your Spells              Type           Power        Failure   Level  Hunger
a - Magic Dart            Conj           ###.         3%          1    None


Dungeon Overview and Level Annotations

Branches:
Dungeon (1/1)

Altars:


Innate Abilities, Weirdness & Mutations

Your experience applies equally to all skills.
You have very sharp teeth.
Your uncanny sense of smell can sniff out nearby items.


Message History

Press: ? - help, Shift-Dir - straight line, f/p - adder
Aim: an adder (moderately wounded)
The magic dart hits the adder.
The adder is almost dead.
The adder bites you.
You are poisoned.
The adder poisons you! The gnoll misses you. The adder bites you.
* * * LOW HITPOINT WARNING * * *
Unknown command.
Casting: Magic Dart (safe; 3% risk of failure)
Confirm with . or Enter, or press ? or * to list all spells.
Aiming: Magic Dart (safe; 3% risk of failure)
Press: ? - help, Shift-Dir - straight line, f/p - adder
Aim: an adder (almost dead)
The magic dart hits the adder.
You kill the adder!
* * * LOW HITPOINT WARNING * * *
You feel sick. The gnoll misses you.
The gnoll hits you from afar with a spear!
You die...

∆
▓.▓
∆
▓.▓
∆
▓.▓
∆
▓.▓
∆
▓'▓
∆
▓h▓
∆
▓g▓
▓†▓
▓@▓
▓.▓
▓'▓
▓.▓
▓.▓
▓)▓
▓<▓
▓▓▓


You could see a gnoll and a jackal.

Vanquished Creatures
  A crimson imp (D)
  An adder (D)
  An orc (D)
  A goblin (D)
  2 hobgoblins (D)
  A bat (D)
  A frilled lizard (D)
8 creatures vanquished.

Vanquished Creatures (others)
  A spatial maelstrom (D)
1 creature vanquished.

Grand Total: 9 creatures vanquished

Notes
Turn   | Place    | Note
-------+----------+-------------------------------------------
     0 | D        | emperorscorpion the Gnoll Wizard began the quest for the Orb.
     0 | D        | Reached XP level 1. HP: 13/13 MP: 8/8
    14 | D        | Reached skill level 1 in Invocations
    24 | D        | Banished a spatial maelstrom
    87 | D        | Noticed a crimson imp
    89 | D        | Reached skill level 1 in Fighting
    89 | D        | Reached skill level 1 in Short Blades
    89 | D        | Reached skill level 1 in Long Blades
    89 | D        | Reached skill level 1 in Axes
    89 | D        | Reached skill level 1 in Maces & Flails
    89 | D        | Reached skill level 1 in Polearms
    89 | D        | Reached skill level 1 in Staves
    89 | D        | Reached skill level 1 in Slings
    89 | D        | Reached skill level 1 in Bows
    89 | D        | Reached skill level 1 in Crossbows
    89 | D        | Reached skill level 1 in Throwing
    89 | D        | Reached skill level 1 in Armour
    89 | D        | Reached skill level 1 in Shields
    89 | D        | Reached skill level 1 in Unarmed Combat
    89 | D        | Reached skill level 1 in Evocations
    89 | D        | Reached XP level 2. HP: 21/21 MP: 10/10
    96 | D        | Killed a crimson imp
    96 | D        | Reached skill level 5 in Dodging
    96 | D        | Reached skill level 1 in Hexes
    96 | D        | Reached skill level 1 in Charms
    96 | D        | Reached skill level 1 in Necromancy
    96 | D        | Reached skill level 1 in Transmutations
    96 | D        | Reached skill level 1 in Fire Magic
    96 | D        | Reached skill level 1 in Ice Magic
    96 | D        | Reached skill level 1 in Air Magic
    96 | D        | Reached skill level 1 in Earth Magic
    96 | D        | Reached skill level 1 in Poison Magic
    96 | D        | Reached XP level 3. HP: 7/27 MP: 11/11
   107 | D        | Slain by a gnoll

Vault maps used:
D:        linesprint

Skill      XL: |  1  2 |
---------------+-------+-----
Conjurations   | 2 |  2.7
Summonings     | 2 |  2.7
Translocations | 2 |  2.7
Invocations    | 1 2 |  2.4
Fighting       | 1 2 |  2.1
Short Blades   | 1 2 |  2.1
Long Blades    | 1 2 |  2.1
Axes           | 1 2 |  2.1
Maces & Flails | 1 2 |  2.1
Polearms       | 1 2 |  2.1
Staves         | 1 2 |  2.1
Slings         | 1 2 |  2.1
Bows           | 1 2 |  2.1
Crossbows      | 1 2 |  2.1
Throwing       | 1 2 |  2.1
Armour         | 1 2 |  2.1
Shields        | 1 2 |  2.1
Unarmed Combat | 1 2 |  2.1
Evocations     | 1 2 |  2.1
Dodging        | 5 |  5.1
Hexes          | 1 |  1.7
Charms         | 1 |  1.7
Necromancy     | 1 |  1.7
Transmutations | 1 |  1.7
Fire Magic     | 1 |  1.7
Ice Magic      | 1 |  1.7
Air Magic      | 1 |  1.7
Earth Magic    | 1 |  1.7
Poison Magic   | 1 |  1.7
Stealth        | |  4.7
Spellcasting   | |  7.5

Action                   || total
-------------------------++-------
Melee: Dagger            ||     8
 Cast: Magic Dart        ||    14
  Use: Potion            ||     3
 Stab: Sleeping          ||     1
Armor: Robe              ||     6
Dodge: Dodged            ||    18

Table legend:
 A = Spawn XP
 B = Non-spawn XP
 C = Spawn XP percentage of total XP
 D = Spawn monster count
 E = Non-spawn monster count
 F = Spawn count percentage of total count
 G = Total turns spent on level
                    A         B        C        D         E        F      G
               +---------+---------+-------+---------+---------+-------+---------
         Total |       0 |      70 |   0.0 |       0 |       8 |   0.0 |   107
               +---------+---------+-------+---------+---------+-------+---------
             D |       0 |      70 |   0.0 |       0 |       8 |   0.0 |   107
               +---------+---------+-------+---------+---------+-------+---------
